AoeStats
← ILNARIO

Arena

510619422Analyzed
1v1 RM · 1d ago on Oct 1, 2026· 38m 4s· 2 players
Game mode
Random Map
Map size
Tiny (2 player)
Population
200
Speed
Normal
Resources
Standard
Victory
Conquest
Starting age
Dark Age
Ending age
Imperial Age
RankedLock teamsTeams togetherTeam positionsShared explorationLock speedFull tech treeHidden civsTurbo modeCheats
Victory
Defeat
🇰🇿 Varangians · Kazakhstan
807
+17
🇦🇷 Byzantines · Argentina
828
-17
ILNARIO
10:29 Feudal Age
14:08 Castle Age
12:35 Double-Bit Axe
14:39 Loom
23:11 Horse Collar
26:46 Wheelbarrow
29:50 Bow Saw
33:00 Imperial Age
30:58 Bloodlines
31:05 Gold Mining
31:28 Husbandry
31:23 Fletching
31:34 Town Watch
32:43 Scale Barding Armor
34:01 Chain Barding Armor
34:10 Conscription
35:13 Hand Cart
34:59 Town Patrol
35:06 Bodkin Arrow
35:11 Padded Archer Armor
IRS4
7:47 Loom
10:31 Feudal Age
14:30 Castle Age
19:37 Scale Mail Armor
24:38 Double-Bit Axe
25:37 Squires
29:31 Fletching
29:21 Elite Skirmisher
34:19 Imperial Age
34:45 Clinker Construction
34:31 Murder Holes
35:34 Bodkin Arrow
Connection lost

Rejoining the realm…

Still unreachable

The connection could not be restored.

Session expired

The server has moved on; the page needs a fresh start.